 Dungeon Crawl Stone Soup version 0.28-a0-941-g140ffa10cf (webtiles) character file.

Game seed: 9597970679673407519

11 Ajdolov the Sneak (level 2, -2/22 HPs)
             Began as a Naga Hedge Wizard on Nov 29, 2021.
             Slain by an adder (4 damage)
             ... on level 2 of the Dungeon.
             The game lasted 00:01:35 (827 turns).

Ajdolov the Sneak (Naga Hedge Wizard)                Turns: 827, Time: 00:01:35

Health: -2/22      AC:  1    Str: 12    XL:     2   Next: 29%
Magic:  6/6        EV:  9    Int: 14    God:
Gold:   74         SH:  0    Dex: 10    Spells: 4/7 levels left

rFire   . . .      SeeInvis +   f - +0 spear
rCold   . . .      Faith    .   (no shield)
rNeg    . . .      Spirit   .   b - +0 robe
rPois   +          Reflect  .   c - +0 hat
rElec   .          Harm     .   (no cloak)
rCorr   .          Rampage  .   (no gloves)
Will    .....                   (no barding)
Stlth   ++........              (no amulet)
HPRegen 0.07/turn               (no ring)
MPRegen 0.10/turn               (no ring)

@: invisible, very slow
A: AC +0, large, see invisible, deformed body, poison resistance, slowness 2,
spit poison 1, naga tail 1
a: Spit Poison


You were on level 2 of the Dungeon.
You visited 1 branch of the dungeon, and saw 2 of its levels.

You collected 74 gold pieces.

Inventory:

Hand Weapons
 a - a +0 dagger
 f - a +0 spear (weapon)
Armour
 b - a +0 robe (worn)
 c - a +0 hat (worn)
 e - a +0 ring mail
Potions
 d - a potion of invisibility
 g - a potion of haste {unknown}


   Skills:
 - Level 1.5 Dodging
 - Level 3.0 Stealth
 - Level 3.0 Spellcasting
 + Level 2.2 Conjurations
 - Level 1.0 Summonings
 - Level 1.0 Translocations


You had 4 spell levels left.
You knew the following spells:

 Your Spells              Type           Power      Damage    Failure   Level
a - Magic Dart            Conj           32%        1d4       9%          1
b - Blink                 Tloc           8%         N/A       22%         2

Your spell library contained the following spells:

 Spells                   Type           Power      Damage    Failure   Level
 Slow                     Hex            8%         N/A       22%         1
 Call Imp                 Summ           4%         N/A       22%         2
 Conjure Flame            Conj/Fire      5%         6-21      38%         3
 Mephitic Cloud           Conj/Pois/Air  4%         N/A       43%         3


Dungeon Overview and Level Annotations

Branches:
Dungeon (2/15)

Altars:


Innate Abilities, Weirdness & Mutations

Your serpentine skin is tough. (AC +0)
You have supernaturally acute eyesight. (SInv)
Armour fits poorly on your strangely shaped body.
Your system is resistant to poisons. (rPois)
You cover ground very slowly.
You can spit poison.
You have a snake-like lower body.


Message History

You are too injured to fight recklessly!
You are too injured to fight recklessly!
You barely miss the jackal.
The jackal is moderately wounded.
The jackal bites you but does no damage.
You barely miss the jackal.
The jackal is moderately wounded.
The jackal closely misses you. The jackal bites you.
You hit the jackal but do no damage.
The jackal is moderately wounded.
The jackal bites you.
You barely miss the jackal.
The jackal is moderately wounded.
The jackal closely misses you. The jackal bites you.
* * * LOW HITPOINT WARNING * * *
You closely miss the jackal.
The jackal is moderately wounded.
The jackal bites you.
* * * LOW HITPOINT WARNING * * *
It was a potion of invisibility.
You fade into invisibility!
The jackal barely misses you. The jackal bites you.
* * * LOW HITPOINT WARNING * * *
Press: ? - help, Shift-Dir - straight line, f - adder
Aim: an adder The splash of poison misses the adder.
The splash of poison hits the jackal.
The jackal is poisoned.
The jackal is severely wounded.
The adder barely misses you.
The jackal barks!
You are too injured to fight recklessly!
You hit the adder.
The adder is heavily wounded.
The jackal barely misses you. x2; The adder closely misses you.
You barely miss the adder.
The adder is heavily wounded.
You have got your breath back.
You kill the jackal!
The jackal barely misses you. The adder bites you.
You die...

##### ##...########
##.....#.....#
#########........h...#
.......<........@S...#
.########........J...#
##.....#.....#
##...####...# #....#
###.# #.##...####.#
... .......?J# ###.
#...####.# #. ##.##
#.#


You could see an adder, an endoplasm and a jackal.

Vanquished Creatures
  A dart slug (D:1)
  An endoplasm (D:1)
  2 giant cockroaches
  2 jackals (D:2)
  A kobold (D:1)
  A frilled lizard (D:1)
  2 rats (D:1)
10 creatures vanquished.

Notes
Turn   | Place    | Note
-------+----------+-------------------------------------------
     0 | D:1      | Ajdolov the Naga Hedge Wizard began the quest for the Orb.
     0 | D:1      | Reached XP level 1. HP: 15/15 MP: 4/4
   415 | D:1      | Found a faded altar of an unknown god.
   539 | D:1      | Reached XP level 2. HP: 16/22 MP: 3/6
   630 | D:1      | Learned a level 2 spell: Blink
   827 | D:2      | Slain by an adder

Illustrated notes

Levels and vault maps discovered:
D:1:      shiori_shiawase, layout_basic,
          hellmonk_ecumenical_altar_leap_of_faith, minmay_misc_feat_plants,
          columned_hall_lemuel
D:2:      layout_loops_ring, uniq_terence

Skill      XL: |  1 |
---------------+----+-----
Conjurations   | 2 |  2.2
Dodging        | |  1.5
Stealth        | |  3.0
Spellcasting   | |  3.0
Summonings     | |  1.0
Translocations | |  1.0

Action                   || total
-------------------------++-------
Melee: Spear             ||    24
 Cast: Magic Dart        ||    17
 Abil: Spit Poison       ||     2
  Use: Potion            ||     1
Armor: Robe              ||     2
Dodge: Dodged            ||    16

Table legend: (Time is in decaauts)
 A = Elapsed time spent in this place.
 B = Non-inter-level travel time spent in this place.
 C = Inter-level travel time spent in this place.
 D = Time resting spent in this place.
 E = Time spent auto-exploring this place.
 F = Levels seen in this place.
 G = Mean time per level.
                   A        B        C        D        E       F      G
               +--------+--------+--------+--------+--------+-----+--------+
         Total |    998 |    980 |     18 |      0 |    869 |   2 |  499.0 |
       Dungeon |    998 |    980 |     18 |      0 |    869 |   2 |  499.0 |
               +--------+--------+--------+--------+--------+-----+--------+

Top non-repeatable levels by time:
     D:1: 887 daAuts
     D:2: 110 daAuts
